 Dungeon Crawl Stone Soup version 0.27-a0-1595-g0b823d0a13 (webtiles) character file.

Game seed: 14098214692974673695

3 Sin92 the Skirmisher (level 1, -1/18 HPs)
             Began as a Demonspawn Fighter on July 20, 2021.
             Slain by a gnoll (5 damage)
             ... on level 2 of the Dungeon.
             The game lasted 00:00:20 (36 turns).

Sin92 the Skirmisher (Demonspawn Fighter)             Turns: 36, Time: 00:00:21

Health: -1/18      AC:  6    Str: 16    XL:     1   Next: 41%
Magic:  1/1        EV:  6    Int:  9    God:
Gold:   0          SH:  8    Dex: 12    Spells: 0/0 levels left

rFire    . . .     SeeInvis .   a - +0 war axe
rCold    . . .     Faith    .   c - +0 kite shield
rNeg     . . .     Spirit   .   b - +0 scale mail
rPois    .         Reflect  .   (no helmet)
rElec    .         Harm     .   (no cloak)
rCorr    .         Rampage  .   (no gloves)
Will     .....                  (no boots)
Stlth    ..........             (no amulet)
HPRegen  0.06/turn              (no ring)
MPRegen  0.07/turn              (no ring)

@: no status effects
A: no striking features
a: no special abilities


You were on level 2 of the Dungeon.
You visited 1 branch of the dungeon, and saw 2 of its levels.

Inventory:

Hand Weapons
 a - a +0 war axe (weapon)
Armour
 b - a +0 scale mail (worn)
 c - a +0 kite shield (worn)
Potions
 d - a potion of might


   Skills:
 + Level 3.0 Fighting
 * Level 1.9 Axes
 + Level 2.7 Armour
 + Level 0.1 Dodging
 + Level 2.7 Shields


You couldn't memorise any spells.
You didn't know any spells.
Your spell library was empty.

Dungeon Overview and Level Annotations

Branches:
Dungeon (2/15)

Altars:


Message History

You barely miss the worm.
The worm is heavily wounded.
You block the worm's attack.
A worm is nearby!
You slash the worm!
The worm is almost dead.
The worm bites you.
You are too injured to fight recklessly!
A worm is nearby!
You are too injured to fight recklessly!
You are too injured to fight recklessly!
A worm is nearby!
You are too injured to fight recklessly!
A worm is nearby!
Number of times to repeat, then command key: You must enter the number of times for the command to repeat.
You slash the worm!
You kill the worm!
A gnoll comes into view. It is wielding a +0 club.
Things that are here:
a scroll labelled WASEKK ECVITOA; a worm corpse
As you read the scroll labelled WASEKK ECVITOA, it crumbles to dust.
It is a scroll of identify.
You don't have any unidentified items.
Found a stone staircase leading down.
There is an escape hatch in the floor here.
You block the gnoll's attack.
You slide downwards.
The hatch slams shut behind you.
The adder hisses angrily.
Found a dagger.
You hit the gnoll but do no damage. The gnoll hits you with a +0 club.
* * * LOW HITPOINT WARNING * * *
You hit the gnoll.
The gnoll is lightly wounded.
The gnoll hits you but does no damage. The gnoll barely misses you.
You barely miss the gnoll.
The gnoll is lightly wounded.
You closely miss the adder. The adder bites you but does no damage.
The gnoll hits you with a +0 club.
You die...

### ..
##.##+#####
.........#
#........
#.##).....
#....g..#
#@.#
.......S.#
#######..#
...# ...#
....# ....#
..##.#


You could see a gnoll and an adder.

Vanquished Creatures
  A worm (D:1)
1 creature vanquished.

Notes
Turn   | Place    | Note
-------+----------+-------------------------------------------
     0 | D:1      | Sin92 the Demonspawn Fighter began the quest for the Orb.
     0 | D:1      | Reached XP level 1. HP: 18/18 MP: 1/1
    36 | D:2      | Slain by a gnoll

Illustrated notes

Levels and vault maps discovered:
D:1:      dpeg_arrival_brainrot, layout_basic, minmay_misc_feat_rows,
          minmay_tetromino_o4
D:2:      layout_basic, uniq_terence, uniq_crazy_yiuf_cottage

Action                   || total
-------------------------++-------
Melee: War axe           ||     8
  Use: Scroll            ||     1
Armor: Scale mail        ||     2
Dodge: Dodged            ||     2
Block: Kite shield       ||     3

Table legend: (Time is in decaauts)
 A = Elapsed time spent in this place.
 B = Non-inter-level travel time spent in this place.
 C = Inter-level travel time spent in this place.
 D = Time resting spent in this place.
 E = Time spent auto-exploring this place.
 F = Levels seen in this place.
 G = Mean time per level.
                   A        B        C        D        E       F      G
               +--------+--------+--------+--------+--------+-----+--------+
         Total |     40 |     40 |      0 |      0 |     20 |   2 |   20.0 |
       Dungeon |     40 |     40 |      0 |      0 |     20 |   2 |   20.0 |
               +--------+--------+--------+--------+--------+-----+--------+

Top non-repeatable levels by time:
     D:1: 36 daAuts
     D:2: 4 daAuts
